 Dungeon Crawl Stone Soup version 0.29.1-15-g9cfb28693d (webtiles) character file.

Game seed: 14979704454227817544

6269 booth the Cleaver (level 10, -2/79 HPs)
             Began as a Demonspawn Gladiator on Apr 15, 2023.
             Was a Priest of Makhleb.
             Slain by a slime creature (14 damage)
             ... on level 7 of the Dungeon on Apr 18, 2023.
             The game lasted 01:04:01 (10809 turns).

booth the Cleaver (Demonspawn Gladiator)           Turns: 10809, Time: 01:04:02

Health: -2/79      AC: 13    Str: 16    XL:     10   Next: 62%
Magic:  16/16      EV: 13    Int: 11    God:    Makhleb [***...]
Gold:   841        SH:  0    Dex: 13    Spells: 9/9 levels left

rFire   + . .      SeeInvis .   a - +0 war axe
rCold   . . .      Faith    +   (no shield)
rNeg    . . .      Spirit   .   x - +3 leather armour {rPois}
rPois   +          Reflect  .   c - +1 helmet
rElec   .          Harm     .   A - +0 cloak
rCorr   .          Rampage  .   D - +0 pair of gloves
Will    ++...                   i - +1 pair of boots
Stlth   +.........              J - amulet of Harmony {Faith Will++ Dex-3}
HPRegen 0.23/turn               j - ring of protection from fire
MPRegen 0.15/turn               y - ring of flight

@: flying
A: claws 2, demonic guardian 1, powered by death 1, weakness stinger 2
a: Renounce Religion, Minor Destruction, Lesser Servant of Makhleb


You were on level 7 of the Dungeon.
You worshipped Makhleb.
Makhleb was most pleased with you.
You visited 1 branch of the dungeon, and saw 9 of its levels.

You collected 841 gold pieces.

Inventory:

Hand Weapons
 a - a +0 war axe (weapon)
 e - a +1 dire flail of protection
 f - a +2 flail of venom
Missiles
 d - 4 throwing nets (quivered)
 r - 3 poisoned darts
 E - a boomerang
 H - a javelin
Armour
 c - a +1 helmet (worn)
 h - a +1 chain mail of fire resistance
 i - a +1 pair of boots (worn)
 x - a +3 leather armour of poison resistance (worn)
 A - a +0 cloak (worn)
 D - a +0 pair of gloves (worn)
Jewellery
 b - an amulet of regeneration
 j - a ring of protection from fire (left hand)
 m - the amulet "Xiolohi" {Spirit Will- Str+9 Dex+3}
   (You found it on level 2 of the Dungeon)

   [amulet of guardian spirit]

   It causes incoming damage to be divided between your reserves of health and
   magic.
   Str:       It affects your strength (+9).
   Dex:       It affects your dexterity (+3).
   Will:      It decreases your willpower.
 y - a ring of flight (right hand)
 J - the amulet of Harmony (around neck) {Faith Will++ Dex-3}
   (You acquired it on level 8 of the Dungeon)

   [amulet of faith]

   It allows you to gain divine favour quickly.
   Dex:       It affects your dexterity (-3).
   Will:      It greatly increases your willpower.
Wands
 w - a wand of digging (7)
 G - a wand of flame (14)
Scrolls
 o - a scroll of amnesia
 p - 2 scrolls of butterflies
 q - 4 scrolls of teleportation
 t - 2 scrolls of fear {unknown}
 z - a scroll of poison
 F - a scroll of magic mapping {unknown}
Potions
 g - 2 potions of berserk rage
 k - a potion of flight
 l - a potion of magic {unknown}
 n - a potion of mutation {unknown}
 s - a potion of invisibility {unknown}
 u - a potion of haste {unknown}
 B - a potion of lignification {unknown}
 C - a potion of attraction {unknown}
 I - a potion of might


   Skills:
 + Level 7.0 Fighting
 * Level 9.1 Axes
 + Level 6.3 Throwing
 + Level 3.7 Armour
 - Level 5.3 Dodging
 + Level 8.2 Invocations


You had 9 spell levels left.
You didn't know any spells.
Your spell library contained the following spells:

 Spells                   Type           Power      Damage    Failure   Level
 Sandblast                Erth           0%         2d4       38%         1
 Sting                    Tmut/Pois      0%         1d3       38%         1
 Passwall                 Tmut/Erth      0%         N/A       54%         2
 Poisonous Vapours        Pois/Air       0%         N/A       54%         2
 Confusing Touch          Hex            0%         N/A       77%         3
 Stone Arrow              Conj/Erth      0%         3d7       77%         3
 Fulminant Prism          Conj/Hex       0%         3d6       99%         4
 Iskenderun's Mystic Bla  Conj/Tloc      0%         2d3       99%         4
 Olgreb's Toxic Radiance  Pois           0%         N/A       99%         4
 Lee's Rapid Deconstruct  Erth           0%         3d5*      100%        5
 Yara's Violent Unravell  Hex/Tmut       0%         3d3       100%        5
 Enfeeble                 Hex            0%         N/A       100%        7


Dungeon Overview and Level Annotations

Branches:
Dungeon (9/15)             Temple (0/1) D:6
   Lair: D:8-11         Orc: D:9-12

Altars:
Cheibriados
Hepliaklqana
Makhleb
Okawaru
Trog
Yredelemnul

Shops:
D:1 :   D:6 =(:   D:7 [


Innate Abilities, Weirdness & Mutations

You have very sharp fingernails.
A weak demonic guardian rushes to your aid.
You regenerate a little health from kills.
You have a tail ending in a sharp stinger.


Message History

The slime creature hits you!
* * * LOW HITPOINT WARNING * * *
A demonic guardian appears!
The slime creature hits you but does no damage.
The slime creature hits you!
* * * LOW HITPOINT WARNING * * *
Your orange demon stings the slime creature from afar!
The slime creature attacks as you move away!
The slime creature hits you but does no damage.
The slime creature attacks as you move away!
The slime creature hits you.
* * * LOW HITPOINT WARNING * * *
Your orange demon stings the slime creature from afar!
As you read the scroll of butterflies, it crumbles to dust.
You hear the tinkle of a tiny bell.
The slime creature hits you but does no damage.
The slime creature barely misses you. The slime creature misses you.
Your orange demon stings the slime creature from afar.
You swap places.
The slime creature hits your butterfly!
Your butterfly dies!
Your butterfly disappears in a burst of colours!
Your orange demon stings the slime creature from afar!
The slime creature looks as sick as possible!
Your orange demon poisons the slime creature!
The slime creature hits your orange demon.
Your orange demon stings the slime creature!
Your orange demon hits the slime creature.
The slime creature looks weaker.
The slime creature completely misses your butterfly.
Your orange demon stings the slime creature.
The slime creature dies!
Makhleb accepts your kill.
Your Fighting skill increases to level 7!
The slime creature hits your butterfly!
Your butterfly dies!
Your butterfly disappears in a burst of colours!
You hit the slime creature. You tail-slap the slime creature.
The slime creature is heavily wounded.
The slime creature hits you!
You die...

..................#.## ##.....#≈
.<...................## #..#.###≈
..###.................####...####
..#.#................###.##...#
..............................#
##.........b...##............##
#...8......bb.#####..........#
#..∩._...b.b.bb..###.........#
....8....b.bJ.bJ@.##.........#
.........>bbb###...#....######
..............#..........#
..........4..b###..##...##
#...###....b.#.##..###### #...#
###......##### ##..# ###.....##
#.####.....### #.# #.....##


You could see 2 slime creatures.

Vanquished Creatures
  Gastronok (D:8)
  A two-headed ogre (D:8)
  An ugly thing (D:8)
  Eustachio (D:4)
  4 yaks (D:8)
  Edmund (D:4)
  Duvessa (D:5)
  An ice beast (D:7)
  4 sky beasts
  A centaur (D:7)
  3 phantoms
  2 bullfrogs
  4 gnoll sergeants (D:6)
  2 wights (D:8)
  Dowan (D:5)
  5 killer bees
  A howler monkey (D:6)
  4 jellies
  2 hounds (D:6)
  Crazy Yiuf (D:7)
  2 gnoll boudas
  Ijyb (D:5)
  5 iguanas
  2 orc wizards
  25 gnolls
  9 adders
  A shadow imp (D:5)
  2 white imps (D:5)
  A worm (D:4)
  14 orcs
  9 ball pythons
  3 endoplasms
  10 goblins
  7 hobgoblins
  11 jackals
  6 quokkas
  3 bats
  3 frilled lizards
  3 kobolds
  3 rats
161 creatures vanquished.

Vanquished Creatures (collateral kills)
  A slime creature (D:7)
  A yak (D:8)
  An orc warrior (D:8)
  A centaur (D:8)
  A bullfrog (D:8)
  2 wights (D:8)
  A killer bee (D:8)
  An iguana (D:6)
  A gnoll (D:6)
  A shadow imp (D:7)
  2 orcs (D:5)
  A jackal (D:6)
14 creatures vanquished.

Vanquished Creatures (others)
  A gnoll (D:6)
  2 plants
3 creatures vanquished.

Grand Total: 178 creatures vanquished

Notes
Turn   | Place    | Note
-------+----------+-------------------------------------------
     0 | D:1      | booth the Demonspawn Gladiator began the quest for the Orb.
     0 | D:1      | Reached XP level 1. HP: 16/16 MP: 1/1
   350 | D:1      | Discovered your monstrous ancestry.
   350 | D:1      | Gained mutation: You have a small tail. [demonic ancestry]
   350 | D:1      | Reached XP level 2. HP: 15/22 MP: 2/2
   579 | D:1      | Reached skill level 3 in Axes
   637 | D:1      | Reached XP level 3. HP: 19/28 MP: 3/3
   906 | D:1      | Found Aryfirghu's Book Shoppe.
  1403 | D:1      | Reached XP level 4. HP: 29/34 MP: 4/4
  2129 | D:2      | Identified the amulet "Xiolohi" {Spirit Will- Str+9 Dex+3}
  2939 | D:3      | Found a faded altar of an unknown god.
  2942 | D:3      | Prayed at the altar of an unknown god.
  2942 | D:3      | Became a worshipper of Makhleb the Destroyer
  2942 | D:3      | Reached * piety under Makhleb
  3121 | D:3      | Gained mutation: You have sharp fingernails. [demonic
                  | ancestry]
  3121 | D:3      | Reached XP level 5. HP: 40/40 MP: 5/5
  3806 | D:4      | Reached skill level 4 in Axes
  3810 | D:4      | Reached skill level 1 in Invocations
  3944 | D:4      | Identified a scroll of acquirement
  3969 | D:4      | Acquired 534 gold pieces
  4098 | D:5      | Entered Level 5 of the Dungeon
  4742 | D:4      | Noticed a phantom
  4742 | D:4      | Noticed Eustachio
  4994 | D:4      | Killed a phantom
  4995 | D:4      | Gained mutation: A weak demonic guardian rushes to your
                  | aid. [demonic ancestry]
  4995 | D:4      | Reached XP level 6. HP: 47/47 MP: 7/7
  5019 | D:4      | Reached ** piety under Makhleb
  5042 | D:4      | Noticed Edmund
  5064 | D:4      | Killed Edmund
  5312 | D:4      | Killed Eustachio
  5313 | D:4      | Gained mutation: You have very sharp fingernails. [demonic
                  | ancestry]
  5313 | D:4      | Reached XP level 7. HP: 40/53 MP: 7/9
  5762 | D:5      | Reached skill level 5 in Axes
  5980 | D:5      | Found a basalt altar of Yredelemnul.
  5982 | D:5      | Noticed a profane servitor
  5995 | D:5      | Noticed an angel
  6447 | D:5      | Noticed Ijyb
  6466 | D:5      | Killed Ijyb
  6651 | D:5      | Noticed Duvessa
  6651 | D:5      | Noticed Dowan
  6673 | D:5      | Killed Duvessa
  6681 | D:5      | Killed Dowan
  6682 | D:5      | Gained mutation: You regenerate a little health from kills.
                  | [demonic ancestry]
  6682 | D:5      | Reached XP level 8. HP: 20/60 MP: 2/11
  7222 | D:6      | Found a hazy altar of Hepliaklqana.
  7490 | D:6      | Reached skill level 6 in Axes
  7604 | D:6      | Found a staircase to the Ecumenical Temple.
  7763 | D:6      | Reached *** piety under Makhleb
  7772 | D:6      | Found Soalleire's Weapon Boutique.
  7832 | D:6      | Found Tocucruc's Book Shoppe.
  8024 | D:6      | Reached skill level 5 in Invocations
  8089 | D:6      | Found Aghevueq's Jewellery Boutique.
  8218 | D:6      | Reached skill level 5 in Fighting
  8218 | D:6      | Reached skill level 5 in Dodging
  8588 | D:7      | Gained mutation: You have a tail ending in a sharp stinger.
                  | [demonic ancestry]
  8588 | D:7      | Reached XP level 9. HP: 58/68 MP: 9/13
  8641 | D:7      | Found a snail-covered altar of Cheibriados.
  8649 | D:7      | Found Cheibriados's Comfort Zone.
  8678 | D:7      | Reached skill level 7 in Axes
  8735 | D:7      | Found a runed translucent door.
  8736 | D:7      | Noticed Crazy Yiuf
  8742 | D:7      | Killed Crazy Yiuf
  9419 | D:8      | Reached skill level 5 in Throwing
  9613 | D:8      | Found a bloodstained altar of Trog.
  9616 | D:8      | Noticed Gastronok
  9636 | D:8      | Killed Gastronok
  9637 | D:8      | Reached skill level 8 in Axes
  9737 | D:8      | Reached XP level 10. HP: 74/76 MP: 15/15
  9902 | D:8      | Found a snail-covered altar of Cheibriados.
  9902 | D:8      | Found an iron altar of Okawaru.
  9904 | D:8      | Found a burning altar of Makhleb.
 10063 | D:8      | Noticed a purple ugly thing
 10092 | D:8      | Killed a purple ugly thing
 10113 | D:8      | Noticed a two-headed ogre
 10122 | D:8      | HP: 3/77 [two-headed ogre/+0 giant spiked club (15)]
 10313 | D:8      | Killed a two-headed ogre
 10314 | D:8      | Reached skill level 9 in Axes
 10356 | D:8      | Acquired the amulet of Harmony {Faith Will++ Dex-3}
 10458 | D:9      | HP: 3/77 [slime creature (10)]
 10809 | D:7      | Slain by a slime creature

Illustrated notes

Levels and vault maps discovered:
D:1:      dpeg_arrival_rooms_b, layout_rooms, serial_shops, shop,
          hex_intersection, minmay_tromino_v7
D:2:      layout_basic, hangedman_glass_teeth
D:3:      layout_basic, hellmonk_ecumenical_altar_inner_sanctum, chequers_jeans
D:4:      layout_loops_cross, grunt_decor_junction, uniq_edmund, uniq_eustachio
D:5:      layout_basic, grunt_temple_overflow_holy_war, serial_bayou_pond_e,
          uniq_ijyb, uniq_duvessa
D:6:      layout_cave_pools, nicolae_hepliaklqana_hazy_memory, temple_pool_b,
          serial_shops, shop, serial_gnoll_camp, gnoll_camp_medium_01,
          gnoll_camp_mini_shop, gnoll_camp_mini_hut, gnoll_camp_mini_shop,
          gnoll_camp_mini_basic, gnoll_camp_mini_hut
D:7:      layout_cave_pools, zin_scriptorium, corexii_item_surrounded_by_moat,
          kennysheep_nub, minmay_shop_chei, minmay_crystal_water,
          chequers_big_river, hangedman_decor_opposing,
          minmay_misc_feat_four_crosses, uniq_crazy_yiuf_cottage
D:8:      minmay_distorted_concentric_squares, layout_cave_pools,
          mainiacjoe_overflow_tiny_flanked, nicolae_overflow_hidden_temple,
          uniq_gastronok
D:9:      cheibrodos_shockbox, layout_basic, david_orc_1_choice

Skill      XL: |  1  2  3  4  5  6  7  8  9 10 |
---------------+-------------------------------+-----
Throwing       | 2 3 4 5 6 |  6.3
Axes           | 3 4 5 6 8 9 |  9.1
Dodging        | 3 4 5 |  5.3
Fighting       | 3 4 5 6 7 |  7.0
Invocations    | 1 2 4 5 7 8 |  8.2
Armour         | 2 3 |  3.7

Action                   |  1- 3 |  4- 6 |  7- 9 | 10-12 || total
-------------------------+-------+-------+-------+-------++-------
Melee: War axe           |   107 |   141 |   251 |    90 ||   589
       Tailslap          |    12 |    18 |    33 |    20 ||    83
       Punch             |     1 |     1 |     4 |       ||     6
Throw: Throwing net      |       |     4 |     2 |     1 ||     7
       Dart              |       |     7 |    14 |     2 ||    23
       Javelin           |       |     2 |     4 |       ||     6
       Boomerang         |       |       |     4 |     3 ||     7
Invok: Minor Destruction |       |     1 |     1 |     1 ||     3
       Lesser Servant of |       |       |     2 |     4 ||     6
  Use: Scroll            |     3 |    10 |     2 |     4 ||    19
       Potion            |     2 |     2 |       |     1 ||     5
 Stab: Sleeping          |     1 |     1 |     1 |       ||     3
Armor: Leather armour    |    44 |    43 |   101 |    66 ||   254
Dodge: Dodged            |   115 |    96 |   212 |   119 ||   542
